Map: Realities Simulation LE

Players

Quincunx

  • Race: Protoss Protoss
  • Spawn Location: 5:00

Ayyyynal

  • Race: Zerg Zerg
  • Spawn Location: 6:00

Recreate

  • Race: Protoss Protoss
  • Spawn Location: 3:00

Alebay

  • Race: Protoss Protoss
  • Spawn Location: 11:00

PiPuxD

  • Race: Terran Terran
  • League: Gold
  • Spawn Location: 9:00

MattBarry

  • Race: Zerg Zerg
  • League: Gold
  • Spawn Location: 12:00

VOD

Have the link to the VOD?

Description

Time

  • Played on: Jan. 28, 2023, 12:46 a.m.
  • Length: 7:21
Show
View Real Time Build Order
Export as new Build Order

Quincunx Protoss 

Build Orders:  

Get SALT Encoding   

  12  0:00  Probe  
  13  0:13  Probe  
  14  0:17  Pylon  
  14  0:25  Probe  
  15  0:35  Forge  
  15  0:42  Probe  
  16  0:54  Probe  
  17  1:06  Probe  
  18  1:18  Probe  
  19  1:29  Pylon  
  19  1:32  Pylon  
  19  1:33  Pylon  
  19  1:48  Pylon  
  19  1:49  Pylon  
  19  1:50  Photon Cannon  
  19  1:59  Pylon  
  19  2:02  Pylon  
  19  2:09  Photon Cannon  
  19  2:10  Photon Cannon  
  19  2:21  Photon Cannon  
  19  2:23  Probe  
  20  2:32  Photon Cannon  
  19  3:00  Probe  
  19  3:03  Assimilator  
  20  3:12  Probe  
  21  3:14  Nexus  
  21  3:33  Probe  
  22  3:35  Assimilator  
  22  3:43  Gateway  
  22  3:45  Probe  
  22  3:57  Probe (Chrono Boost)  
  23  4:06  Pylon  
  23  4:08  Probe (Chrono Boost)  
  24  4:10  Pylon  
  24  4:13  Probe (Chrono Boost)  
  26  4:24  Probe (Chrono Boost)  
  26  4:29  Probe (Chrono Boost)  
  28  4:41  Probe (Chrono Boost)  
  28  4:43  Probe (Chrono Boost)  
  29  4:46  Probe (Chrono Boost)  
  29  4:48  Cybernetics Core  
  29  4:49  Probe  
  31  4:55  Probe  
  31  4:59  Assimilator  
  32  5:01  Assimilator, Probe  
  33  5:07  Probe  
  33  5:13  Probe  
  35  5:19  Probe  
  36  5:26  Probe  
  37  5:30  Stargate  
  37  5:31  Probe  
  37  5:33  Pylon  
  37  5:35  Pylon  
  38  5:38  Probe  
  39  5:44  Probe (Chrono Boost)  
  40  5:56  Probe x2 (Chrono Boost)  
  42  6:01  Probe (Chrono Boost)  
  42  6:03  Probe (Chrono Boost)  
  44  6:06  Pylon  
  44  6:09  Pylon  
  44  6:10  Probe  
  45  6:14  Probe  
  46  6:18  Forge  
  46  6:22  Stargate, Probe  
  46  6:23  Stargate  
  47  6:26  Probe  
  47  6:27  Pylon  
  48  6:36  Pylon  
  48  6:38  Probe  
  49  6:52  Probe (Chrono Boost)  
  51  6:57  Probe (Chrono Boost)  
  51  6:59  Nexus  
  52  7:02  Probe (Chrono Boost)  
  52  7:05  Probe (Chrono Boost)  
  52  7:06  Probe (Chrono Boost)  
  53  7:12  Photon Cannon  
  53  7:13  Photon Cannon  
  52  7:18  Photon Cannon  
Show
View Real Time Build Order
Export as new Build Order

Ayyyynal Zerg 

Build Orders: Hatch First 

Get SALT Encoding   

  12  0:00  Drone  
  13  0:13  Overlord  
  13  0:18  Drone  
  14  0:32  Drone x2  
  16  0:50  Hatchery  
  16  0:56  Drone  
  16  0:57  Drone  
  16  1:00  Drone  
  18  1:15  Spawning Pool  
  18  1:18  Extractor  
  16  1:26  Drone x2  
  16  1:29  Drone  
  19  1:39  Drone  
  20  2:03  Queen x2, Overlord  
  20  2:04  Drone  
  20  2:05  Drone  
  26  2:13  Drone x2  
  28  2:26  Drone x2  
  28  2:28  Metabolic Boost  
  30  2:36  Zergling x4  
  32  2:48  Drone  
  32  2:49  Drone  
  34  2:57  Drone, Overlord  
  35  3:07  Lair  
  35  3:08  Drone  
  36  3:22  Drone x3, Overlord  
  36  3:23  Drone  
  40  3:27  Hatchery  
  39  3:36  Drone x2  
  39  3:39  Overlord  
  41  3:56  Overlord  
  41  4:15  Extractor, Drone x3  
  41  4:17  Extractor  
  42  4:20  Overlord x2  
  42  4:21  Drone x3  
  42  4:22  Drone, Overlord  
  45  4:36  Spire  
  45  4:37  Drone  
  45  4:38  Extractor  
  44  4:49  Overlord  
  44  4:50  Overlord  
  44  4:53  Drone x5  
  44  4:54  Drone  
  50  5:00  Queen x2  
  50  5:04  Drone x3  
  57  5:12  Queen  
  59  5:21  Drone x3  
  59  5:25  Zergling x4  
  59  5:26  Zergling x8  
  68  5:34  Extractor  
  68  5:35  Extractor  
  66  5:36  Drone x2  
  66  5:37  Drone  
  66  5:42  Drone x2  
  71  5:43  Drone x2  
  71  5:46  Overlord  
  73  5:52  Mutalisk  
  73  5:53  Mutalisk  
  77  5:57  Mutalisk x3  
  77  5:58  Mutalisk x2  
  87  6:09  Mutalisk  
  89  6:18  Mutalisk  
  91  6:32  Drone x5  
  96  6:33  Drone  
  96  6:36  Hatchery  
  96  6:39  Mutalisk x4  
  104  6:48  Zergling x8  
Show
View Real Time Build Order
Export as new Build Order

Recreate Protoss 

Build Orders:  

Get SALT Encoding   

  12  0:00  Probe  
  13  0:12  Probe  
  14  0:18  Pylon  
  14  0:24  Probe (Chrono Boost)  
  15  0:37  Probe (Chrono Boost)  
  15  0:39  Forge  
  16  1:10  Pylon  
  16  1:11  Pylon  
  16  1:13  Pylon  
  16  1:30  Pylon  
  15  1:40  Pylon  
  15  1:48  Photon Cannon  
  15  1:51  Gateway  
  14  2:24  Probe (Chrono Boost)  
  15  2:37  Zealot (Chrono Boost)  
  17  2:54  Photon Cannon  
  17  2:55  Photon Cannon  
  17  2:57  Pylon  
  17  3:11  Photon Cannon  
  17  3:12  Photon Cannon  
  17  3:17  Zealot (Chrono Boost)  
  16  3:23  Photon Cannon  
  16  3:35  Photon Cannon  
  16  3:39  Zealot (Chrono Boost)  
  16  3:40  Pylon  
  18  3:43  Probe  
  18  3:46  Assimilator  
  19  4:07  Cybernetics Core, Pylon  
  15  4:17  Photon Cannon  
  15  4:27  Photon Cannon  
  15  4:28  Probe (Chrono Boost)  
  16  4:40  Probe (Chrono Boost)  
  17  4:49  Probe (Chrono Boost)  
  18  4:54  Probe  
  19  5:00  Pylon  
  19  5:05  Pylon  
  19  5:06  Pylon  
  19  5:11  Pylon  
  19  5:14  Shield Battery  
  19  5:19  Pylon  
  19  5:24  Probe  
  20  5:28  Stargate  
  20  5:38  Shield Battery  
  20  5:40  Shield Battery  
  20  5:42  Probe  
  21  5:56  Photon Cannon, Probe  
  22  5:58  Assimilator  
  22  6:25  Void Ray (Chrono Boost)  
  26  6:27  Probe  
  27  6:38  Forge  
  27  6:39  Probe  
  28  6:40  Shield Battery  
  28  6:51  Probe  
  29  7:03  Probe  
Show
View Real Time Build Order
Export as new Build Order

Alebay Protoss 

Build Orders:  

Get SALT Encoding   

  12  0:00  Probe  
  13  0:12  Probe  
  14  0:17  Pylon  
  14  0:24  Probe  
  15  0:35  Gateway  
  15  0:37  Probe  
  16  0:43  Assimilator  
  16  0:49  Probe  
  17  1:01  Probe  
  18  1:13  Probe  
  19  1:25  Probe  
  20  1:40  Zealot  
  20  1:44  Probe  
  23  1:47  Assimilator  
  23  1:49  Pylon  
  23  1:55  Cybernetics Core  
  23  2:07  Probe  
  24  2:12  Zealot (Chrono Boost)  
  26  2:30  Gateway  
  26  2:39  Warp Gate (Chrono Boost)  
  26  2:44  Adept (Chrono Boost)  
  26  2:51  Pylon  
  26  3:28  Adept  
  19  4:15  Stalker  
  20  4:43  Gateway  
  19  4:47  Stalker  
  13  5:11  Stalker  
  11  5:38  Nexus  
  11  5:40  Pylon  
  11  5:42  Pylon  
  11  5:43  Stalker  
  13  5:52  Pylon  
  13  6:26  Stalker  
  15  6:50  Probe  
  14  7:02  Probe  
Show
View Real Time Build Order
Export as new Build Order

PiPuxD Terran 

Build Orders:  

Get SALT Encoding   

  12  0:00  SCV  
  13  0:12  SCV  
  14  0:17  Supply Depot  
  14  0:24  SCV  
  15  0:38  SCV  
  15  0:39  Barracks  
  16  0:47  Refinery  
  16  0:51  SCV  
  17  1:03  SCV  
  18  1:15  SCV  
  19  1:29  Orbital Command  
  19  1:43  Marine  
  19  1:46  Supply Depot  
  20  1:57  Barracks  
  20  1:59  Barracks  
  20  2:01  Marine  
  21  2:30  Marine  
  20  2:48  Marine  
  14  3:00  SCV  
  14  3:06  Marine x2  
  14  3:12  SCV  
  17  3:24  SCV  
  17  3:25  Marine x2  
  17  3:26  Marine  
  21  3:36  SCV  
  22  3:48  Marine x3, SCV  
  26  4:00  SCV  
  27  4:06  Marine x3  
  28  4:20  Factory  
  28  4:24  Marine x3  
  31  4:43  Supply Depot x2  
  31  4:55  SCV  
  20  5:17  SCV, Factory Tech Lab  
  18  5:25  Marine x3  
  21  5:35  Siege Tank  
  21  5:39  Command Center  
  24  5:43  Marine x3  
  27  5:52  SCV  
  27  5:54  Refinery  
  29  6:05  Barracks Tech Lab, Barracks Reactor  
  28  6:12  Barracks Tech Lab  
  28  6:21  Siege Tank  
  31  6:39  Marauder x2  
  35  6:41  Marine  
  35  6:44  Marine  
  37  6:49  Supply Depot  
  37  6:50  SCV  
  38  6:59  Marine  
  36  7:02  Marine x3, SCV  
Show
View Real Time Build Order
Export as new Build Order

MattBarry Zerg 

Build Orders: Hatch First 

Get SALT Encoding   

  12  0:00  Drone  
  13  0:15  Overlord  
  13  0:20  Drone  
  14  0:33  Drone x2  
  16  0:53  Hatchery  
  16  0:55  Drone  
  16  0:59  Drone  
  18  1:11  Drone  
  18  1:14  Extractor  
  17  1:22  Spawning Pool  
  16  1:33  Drone x3  
  19  2:08  Zergling x4  
  19  2:09  Zergling x4, Queen  
  19  2:14  Queen  
  27  2:16  Metabolic Boost  
  27  2:19  Overlord  
  27  2:46  Zergling x4  
  29  3:10  Drone x2  
  29  3:11  Drone x4  
  35  3:14  Roach Warren  
  33  3:26  Zergling x6  
  32  3:35  Drone  
  32  3:39  Drone  
  32  3:40  Drone x2  
  35  3:52  Zergling x2  
  33  4:07  Spine Crawler  
  32  4:10  Zergling x2  
  32  4:11  Roach  
  32  4:12  Overlord x2  
  32  4:13  Overlord  
  35  4:20  Spine Crawler  
  35  4:22  Spore Crawler  
  33  4:26  Spore Crawler  
  33  4:27  Drone, Overlord  
  33  4:30  Roach  
  33  4:31  Roach x4  
  41  4:34  Roach  
  47  4:45  Roach  
  47  4:46  Roach x2  
  47  4:48  Roach  
  51  5:01  Roach x2  
  46  5:21  Drone x5  
  46  5:22  Drone x3  
  46  5:24  Extractor  
  52  5:32  Zergling x6  
  55  5:42  Zergling x2  
  56  5:49  Zergling x2  
  58  5:50  Zergling x2  
  58  5:56  Evolution Chamber  
  57  5:59  Evolution Chamber  
  56  6:08  Zergling x2  
  56  6:09  Zergling x10  
  62  6:15  Drone x3  
  65  6:38  Drone x3  
  65  6:39  Overlord x3  
Tags
 
Add a new tag
Caveats
  • Supply blocks, unpowered buildings, or Contaminate may cause inaccurate times.
  • Supply counts are checked every 10 seconds.